 Dungeon Crawl Stone Soup version 0.16-a0-2278-gad6c6b8 (webtiles) character file.

313 wuxia the Cutter (level 6, -1/30 HPs)
             Began as a Vine Stalker Assassin on Nov 16, 2014.
             Was an Initiate of Dithmenos.
             Slain by Prince Ribbit (8 damage)
             ... on level 4 of the Dungeon.
             The game lasted 00:10:54 (2849 turns).

wuxia the Cutter (Vine Stalker Assassin)            Turns: 2849, Time: 00:10:54

Health: -1/30      AC:  5    Str: 16    XL:     6   Next: 43%
Magic:  0/8        EV: 15    Int: 11    God:    Dithmenos [......]
Gold:   141        SH:  0    Dex: 17    Spells: 0 memorised, 5 levels left

rFire  . . .     SeeInvis .     b - +0 blowgun
rCold  . . .     Clarity  .     p - +0 robe
rNeg   . . .     SustAb   .     (no shield)
rPois  .         Gourm    +     x - +1 hat
rElec  .         Spirit   +     d - +0 cloak
rCorr  .         Warding  .     s - +0 pair of gloves
rMut   .         Stasis   .     (no boots)
MR     +....                    i - amulet of the gourmand
Stlth  +++.......               y - +4 ring of evasion
                                t - ring of protection from magic

@: about to teleport, somewhat resistant to hostile enchantments, fairly
stealthy
A: fangs 2, regeneration 2, strong 1, magic shield, antimagic bite, no device
heal 3, rot immunity
a: Renounce Religion


You were on level 4 of the Dungeon.
You worshipped Dithmenos.
Dithmenos was noncommittal.
You were hungry.

You visited 2 branches of the dungeon, and saw 5 of its levels.

You collected 141 gold pieces.

Inventory:

Hand weapons
 a - a +2 dagger
 b - a +0 blowgun (weapon)
 v - a +0 dagger of protection
Missiles
 e - 36 poisoned needles (quivered)
 h - 2 tomahawks
Armour
 d - a +0 cloak (worn)
 p - a +0 robe (worn)
 s - a +0 pair of gloves (worn)
 x - a +1 hat (worn)
Jewellery
 i - an amulet of the gourmand (around neck)
 t - a ring of protection from magic (left hand)
 y - a +4 ring of evasion (right hand)
Scrolls
 l - a scroll of identify
 n - a scroll of remove curse
 o - a scroll of amnesia
 r - 2 scrolls of blinking
 u - a scroll of teleportation
Potions
 j - 4 potions of curing {unknown}
 m - 2 potions of restore abilities {unknown}
 w - a potion of brilliance {unknown}
 z - a potion of heal wounds {unknown}
 B - a potion of confusion {unknown}
 C - a potion of poison {unknown}
Comestibles
 c - 2 fruits
 g - 4 bread rations
 k - a royal jelly
 q - a meat ration
 E - a beef jerky


   Skills:
 - Level 1.7 Fighting
 * Level 5.8 Short Blades
 - Level 1.7 Throwing
 - Level 0.7 Dodging
 + Level 5.3 Stealth


You had 5 spell levels left.
You didn't know any spells.

Dungeon Overview and Level Annotations

Branches:
Dungeon (4/15)             Temple (1/1) D:4

Altars:
Ashenzari
Cheibriados
Dithmenos
Elyvilon
Fedhas
Gozag
Kikubaaqudgha
Makhleb
Nemelex Xobeh
Okawaru
Qazlal
Ru
Sif Muna
Trog
Vehumet
Xom
Yredelemnul
Zin
The Shining One

Annotations:
D:4 Prince Ribbit


Innate Abilities, Weirdness & Mutations

You have extremely sharp teeth.
You heal very quickly.
When hurt, damage is shared between your health and your magic reserves.
Your bite disrupts and absorbs the magic of your enemies.
Potions and wands cannot restore your health.
You are immune to rotting.
Your muscles are strong. (Str +2)


Message History

Prince Ribbit closely misses you.
Firing (i - inventory. (,) - cycle):
e - 38 poisoned needles (quivered)
Press: ? - help, Shift-Dir - straight line, f/p - Prince Ribbit
Aim: Prince Ribbit You shoot a poisoned needle.
The poisoned needle completely misses Prince Ribbit.
Prince Ribbit hits you.
* * * LOW HITPOINT WARNING * * *
Firing (i - inventory. (,) - cycle):
e - 37 poisoned needles (quivered)
Press: ? - help, Shift-Dir - straight line, f/p - Prince Ribbit
Aim: Prince Ribbit You shoot a poisoned needle.
The poisoned needle closely misses Prince Ribbit.
Prince Ribbit closely misses you. Prince Ribbit hits you.
* * * LOW HITPOINT WARNING * * *
Read which item? (? for menu, Esc to quit)
As you read the scroll of teleportation, it crumbles to dust.
You feel strangely unstable. Prince Ribbit barely misses you.
Prince Ribbit hits you!
You die...

... . . ##. #. >.(.
##.. #. ....# ... #.
....+ ## # #. #+###
....# #
.##.##.##...##....##. #
............#(.......
##
>............#F....?...
.+
.............@.........
##
..##...###...##....##..
# ##+####...####### .+
+..........# .#
#......[...# .#
...#......†...#
##...##.........##
##...############
##....#


You could see Prince Ribbit.

Vanquished Creatures
  2 scorpions (D:4)
  Ijyb (D:2)
  7 adders
  4 giant mites
  4 worms
  4 giant geckos
  2 oozes
  7 orcs (D:3)
  2 ball pythons
  10 bats
  3 giant cockroaches
  10 goblins
  5 hobgoblins
  5 jackals
  4 giant newts
  8 kobolds
  4 rats
82 creatures vanquished.

Vanquished Creatures (others)
  A butterfly (D:3)
1 creature vanquished.

Grand Total: 83 creatures vanquished

Notes
Turn   | Place    | Note
--------------------------------------------------------------
     0 | D:1      | wuxia, the Vine Stalker Assassin, began the quest for the Orb.
     0 | D:1      | Reached XP level 1. HP: 11/11 MP: 1/1
    72 | D:1      | Reached XP level 2. HP: 10/15 MP: 3/3
   267 | D:1      | Reached XP level 3. HP: 7/18 MP: 4/4
   765 | D:2      | Found an iron altar of Okawaru.
   904 | D:2      | Noticed Ijyb
   935 | D:2      | Killed Ijyb
   935 | D:2      | Reached XP level 4. HP: 21/23 MP: 5/5
  1498 | D:3      | Gained mutation: Your muscles are strong. (Str +2) [potion of beneficial mutation]
  1538 | D:3      | Reached XP level 5. HP: 24/26 MP: 7/7
  1685 | D:3      | Found a sparkling altar of Nemelex Xobeh.
  1746 | D:3      | Reached skill level 5 in Short Blades
  2427 | D:4      | Found a staircase to the Ecumenical Temple.
  2448 | Temple   | Entered the Ecumenical Temple
  2538 | Temple   | Became a worshipper of Dithmenos the Shadowed
  2604 | D:4      | Noticed Prince Ribbit
  2709 | D:4      | Reached skill level 5 in Stealth
  2709 | D:4      | Gained mutation: You heal very quickly. [vine stalker growth]
  2709 | D:4      | Reached XP level 6. HP: 23/30 MP: 8/8
  2849 | D:4      | Slain by Prince Ribbit

Action                   |  1- 3 |  4- 6 || total
-------------------------+-------+-------++-------
Melee: Dagger            |   132 |   263 ||   395
 Fire: Blowgun           |     3 |     9 ||    12
  Use: Scroll            |       |    14 ||    14
       Potion            |       |     1 ||     1
 Stab: Sleeping          |     3 |     9 ||    12
       Distracted        |       |     1 ||     1
  Eat: Chunk             |       |     6 ||     6
